 Dungeon Crawl Stone Soup version 0.30-a0-381-g6ea064c7b4 (webtiles) character file.

Game seed: 5320167696543949836

53 Maratek the Skirmisher (level 3, 0/31 HPs)
             Began as a Gnoll Hunter on Dec 1, 2022.
             Killed from afar by Sigmund (7 damage)
             ... with a magic dart
             ... on level 2 of the Dungeon.
             The game lasted 00:03:56 (681 turns).

Maratek the Skirmisher (Gnoll Hunter)                Turns: 681, Time: 00:03:57

Health: 0/31       AC:  4    Str:  9 (10) XL:     3   Next: 89%
Magic:  4/4        EV: 13    Int:  8      God:
Gold:   79         SH:  0    Dex: 17      Spells: 4/4 levels left

rFire   . . .      SeeInvis +    a - +0 shortbow
rCold   . . .      Faith    .    (shield currently unavailable)
rNeg    . . .      Spirit   .    c - +0 leather armour
rPois   .          Reflect  .    (no helmet)
rElec   .          Harm     .    k - +0 cloak
rCorr   .          Rampage  .    (no gloves)
Will    .....      Rnd*Tele +    (no boots)
Stlth   ++........               (no amulet)
HPRegen 0.25/turn                d - ring of see invisible
MPRegen 0.09/turn                (no ring)

@: brilliant
A: fangs 1, strong nose, distributed training, deterioration 1, teleportitis 1
a: no special abilities


You were on level 2 of the Dungeon.
You visited 1 branch of the dungeon, and saw 2 of its levels.

You collected 79 gold pieces.

Inventory:

Hand Weapons
 a - a +0 shortbow (weapon)
Armour
 c - a +0 leather armour (worn)
 k - a +0 cloak (worn)
Jewellery
 d - a ring of see invisible (left hand)
Scrolls
 b - a scroll of immolation
 f - a scroll of enchant weapon {unknown}
 h - a scroll of vulnerability {unknown}
 i - a scroll of torment {unknown}
 l - a scroll of teleportation {unknown}


   Skills:
 + Level 4.6 Fighting
 + Level 1.0 Short Blades
 + Level 1.0 Long Blades
 + Level 1.0 Axes
 + Level 1.0 Maces & Flails
 + Level 1.0 Polearms
 + Level 1.0 Staves
 + Level 8.5 Ranged Weapons
 + Level 1.0 Throwing
 + Level 1.0 Armour
 + Level 4.6 Dodging
 + Level 2.5 Stealth
 + Level 1.0 Shields
 + Level 1.0 Unarmed Combat
 + Level 1.0 Spellcasting
 + Level 0.7 Conjurations
 + Level 0.7 Hexes
 + Level 0.7 Summonings
 + Level 0.7 Necromancy
 + Level 0.7 Translocations
 + Level 0.7 Transmutations
 + Level 0.7 Fire Magic
 + Level 0.7 Ice Magic
 + Level 0.7 Air Magic
 + Level 0.7 Earth Magic
 + Level 0.7 Poison Magic
 + Level 1.1 Invocations
 + Level 1.0 Evocations


You had 4 spell levels left.
You didn't know any spells.
Your spell library was empty.

Dungeon Overview and Level Annotations

Branches:
Dungeon (2/15)

Altars:

Annotations:
D:2 Sigmund


Innate Abilities, Weirdness & Mutations

You have very sharp teeth.
Your uncanny sense of smell can sniff out nearby items.
Your experience applies equally to all skills.
Your body sometimes deteriorates upon taking damage.
You are occasionally teleported next to monsters.


Message History

You shoot an arrow. The arrow hits the bat.
You kill the bat!
You shoot an arrow. The arrow hits Sigmund.
Sigmund is lightly wounded.
You shoot an arrow.
The arrow hits Sigmund but does no damage.
Sigmund is lightly wounded.
You shoot an arrow. The arrow closely misses Sigmund.
Sigmund hits you from afar with a +0 scythe!
You shoot an arrow. The arrow closely misses Sigmund.
Sigmund hits you from afar with a +0 scythe.
You shoot an arrow. The arrow hits Sigmund.
Sigmund is moderately wounded.
You shoot an arrow.
The arrow hits Sigmund but does no damage.
Sigmund is moderately wounded.
Sigmund misses you.
You shoot an arrow. The arrow barely misses Sigmund.
Sigmund gestures at you while chanting. The magic dart hits you.
You are too injured to fight recklessly!
You are too injured to fight recklessly!
You are too injured to fight recklessly!
It was a potion of brilliance.
You feel clever all of a sudden. Sigmund barely misses you.
It was a potion of curing.
You feel better.
Sigmund hits you from afar with a +0 scythe!
It was a potion of mutation.
You feel extremely strange.
You feel weirdly uncertain.
You feel yourself wasting away.
You are too injured to fight recklessly!
Sigmund barely misses you. Sigmund gestures at you while chanting.
The magic dart hits you!
* * * LOW HITPOINT WARNING * * *
Your body deteriorates!
You feel weakened.
There is a stone staircase leading down here.
Sigmund gestures at you while chanting. The magic dart hits you!
You die...

...$....# #.....#
#...... ....†...#
#.....######.#####
........# #......##....#
#
........####.....+...#.#
# #.....###.....##.##.#
#####..##.#.........#
#..@.#..#######.###
#.##.#.## ...# #. #..@#
##### # #.#.# #.#.#
#...# #####


You could see Sigmund (invisible).

Vanquished Creatures
  2 adders (D:2)
  A dart slug (D:1)
  3 bats
  2 endoplasms (D:1)
  A giant cockroach (D:1)
  3 goblins (D:1)
  5 hobgoblins
  A quokka (D:1)
  2 ball pythons (D:1)
  2 frilled lizards
  7 kobolds
  2 rats (D:1)
31 creatures vanquished.

Notes
Turn   | Place    | Note
-------+----------+-------------------------------------------
     0 | D:1      | Maratek the Gnoll Hunter began the quest for the Orb.
     0 | D:1      | Reached XP level 1. HP: 20/20 MP: 1/1
    67 | D:1      | Reached XP level 2. HP: 26/26 MP: 2/2
   373 | D:1      | Reached XP level 3. HP: 31/31 MP: 3/3
   513 | D:2      | Reached skill level 1 in Invocations
   604 | D:2      | Reached skill level 1 in Short Blades
   604 | D:2      | Reached skill level 1 in Long Blades
   604 | D:2      | Reached skill level 1 in Axes
   604 | D:2      | Reached skill level 1 in Maces & Flails
   604 | D:2      | Reached skill level 1 in Polearms
   604 | D:2      | Reached skill level 1 in Staves
   604 | D:2      | Reached skill level 1 in Throwing
   604 | D:2      | Reached skill level 1 in Armour
   604 | D:2      | Reached skill level 1 in Shields
   604 | D:2      | Reached skill level 1 in Unarmed Combat
   604 | D:2      | Reached skill level 1 in Spellcasting
   604 | D:2      | Reached skill level 1 in Evocations
   661 | D:2      | Noticed Sigmund
   674 | D:2      | Gained mutation: You are occasionally teleported next to
                  | monsters. [potion of mutation]
   674 | D:2      | Gained mutation: Your body sometimes deteriorates upon
                  | taking damage. [potion of mutation]
   681 | D:2      | Killed from afar by Sigmund

Illustrated notes

Levels and vault maps discovered:
D:1:      lemuel_arrival_behind_the_door_small, layout_rooms, minivault_19
D:2:      layout_basic, uniq_sigmund

Skill      XL: |  1  2  3 |
---------------+----------+-----
Invocations    | 1 |  1.1
Short Blades   | 1 |  1.0
Long Blades    | 1 |  1.0
Axes           | 1 |  1.0
Maces & Flails | 1 |  1.0
Polearms       | 1 |  1.0
Staves         | 1 |  1.0
Throwing       | 1 |  1.0
Armour         | 1 |  1.0
Shields        | 1 |  1.0
Unarmed Combat | 1 |  1.0
Spellcasting   | 1 |  1.0
Evocations     | 1 |  1.0
Fighting       | |  4.6
Ranged Weapons | |  8.5
Dodging        | |  4.6
Stealth        | |  2.5
Conjurations   | |  0.7
Hexes          | |  0.7
Summonings     | |  0.7
Necromancy     | |  0.7
Translocations | |  0.7
Transmutations | |  0.7
Fire Magic     | |  0.7
Ice Magic      | |  0.7
Air Magic      | |  0.7
Earth Magic    | |  0.7
Poison Magic   | |  0.7

Action                   || total
-------------------------++-------
 Fire: Shortbow          ||    98
  Use: Potion            ||     3
Armor: Leather armour    ||    21
Dodge: Dodged            ||    41

Table legend: (Time is in decaauts)
 A = Elapsed time spent in this place.
 B = Non-inter-level travel time spent in this place.
 C = Inter-level travel time spent in this place.
 D = Time resting spent in this place.
 E = Time spent auto-exploring this place.
 F = Levels seen in this place.
 G = Mean time per level.
                   A        B        C        D        E       F      G
               +--------+--------+--------+--------+--------+-----+--------+
         Total |    692 |    692 |      0 |      0 |    473 |   2 |  346.0 |
       Dungeon |    692 |    692 |      0 |      0 |    473 |   2 |  346.0 |
               +--------+--------+--------+--------+--------+-----+--------+

Top non-repeatable levels by time:
     D:1: 478 daAuts
     D:2: 213 daAuts
